Selects Panzerjäger Kommand Battlegroup
Selects Blockade Equipment
Construct Light Support Kompanie
Construct Mechanized Kompanie
Selects Defensive Positions
Panzerjäger Mechanized Group
Pak 38 Anti-tank Gun Team
Selects Butterfly Bomb Drop
Construct Panzerarmee Kommand
Walking Stuka Rocket Launcher
Selects Crew Shock Tactics
Walking Stuka Rocket Launcher
Selects Elefant Tank Destroyer
Selects Elefant Tank Destroyer
Walking Stuka Rocket Launcher
18-tonne Recovery Half-track
Panzerjäger Mechanized Group
Walking Stuka Rocket Launcher
Flak 36 Anti-tank Gun Team